 Dungeon Crawl Stone Soup version 0.29.1 (webtiles) character file.

Game seed: 2697071208285452122

166 CoolSool the Magician (level 5, -3/37 HPs)
             Began as a Formicid Arcane Marksman on Sept 13, 2022.
             Shot with a sling bullet by a goblin (5 damage)
             ... led by Robin
             ... on level 2 of the Dungeon.
             The game lasted 00:13:19 (1541 turns).

CoolSool the Magician (Formicid Arcane Marksman)    Turns: 1541, Time: 00:13:20

Health: -3/37      AC:  7    Str: 15    XL:     5   Next: 76%
Magic:  10/11      EV: 12    Int: 14    God:
Gold:   22         SH:  0    Dex: 14    Spells: 7/13 levels left

rFire   . . .      SeeInvis +   d - +3 falchion (protect)
rCold   . . .      Faith    .   (no shield)
rNeg    . . .      Spirit   .   c - +0 robe
rPois   .          Reflect  .   (helmet unavailable)
rElec   .          Harm     .   g - +0 cloak
rCorr   .          Rampage  .   (no gloves)
Will    .....                   (no boots)
Stlth   +.........              (no amulet)
HPRegen 0.12/turn               e - +4 ring of protection
MPRegen 0.12/turn               (no ring)

@: no status effects
A: permanent stasis, dig shafts and tunnels, antennae 3, four strong arms
a: Dig, Shaft Self


You were on level 2 of the Dungeon.
You visited 1 branch of the dungeon, and saw 2 of its levels.

You collected 22 gold pieces.

Inventory:

Hand Weapons
 a - a +1 sling
 d - a +3 falchion of protection (weapon)
Armour
 c - a +0 robe (worn)
 f - the +5 plate armour of Forking Paths {Dex+3}
   (You found it on level 2 of the Dungeon)

   Dex:       It affects your dexterity (+3).
 g - a +0 cloak (worn)
Jewellery
 e - a +4 ring of protection (left hand)
 i - a ring of fire
Scrolls
 b - a scroll of poison


   Skills:
 - Level 1.1 Fighting
 - Level 2.6 Ranged Weapons
 - Level 1.7 Dodging
 * Level 4.6 Spellcasting
 - Level 4.0 Hexes


You had 7 spell levels left.
You knew the following spells:

 Your Spells              Type           Power      Damage    Failure   Level
a - Slow                  Hex            56%        N/A       3%          1
b - Portal Projectile     Hex/Tloc       16%        N/A       24%         3
c - Passwall              Tmut/Erth      2%         N/A       28%         2

Your spell library contained the following spells:

 Spells                   Type           Power      Damage    Failure   Level
 Ensorcelled Hibernation  Hex/Ice        16%        N/A       12%         2
 Apportation              Tloc           6%         N/A       19%         1
 Magic Dart               Conj           12%        1d3       19%         1
 Inner Flame              Hex/Fire       8%         N/A       24%         3
 Searing Ray              Conj           6%         2d4       28%         2
 Cause Fear               Hex            7%         N/A       34%         4
 Fulminant Prism          Conj/Hex       4%         3d6       61%         4
 Alistair's Intoxication  Tmut/Pois      2%         N/A       99%         5
 Swiftness                Air            Unusable   N/A       N/A         3

Dungeon Overview and Level Annotations

Branches:
Dungeon (2/15)

Altars:


Innate Abilities, Weirdness & Mutations

You cannot be hasted, slowed, berserked, paralysed or teleported.
You can dig through walls and to a lower floor.
You have a pair of large antennae on your head. (SInv)
Your four strong arms can wield two-handed weapons with a shield.


Message History

Sigmund casts a spell at you. The magic dart hits you.
* * * LOW HITPOINT WARNING * * *
You hit Sigmund but do no damage.
Sigmund is almost dead.
The goblin shoots a sling bullet.
The sling bullet barely misses Sigmund.
The sling bullet barely misses you. Sigmund barely misses you.
You closely miss Sigmund.
Sigmund is almost dead.
The goblin shoots a sling bullet.
The sling bullet closely misses Sigmund.
The sling bullet hits you but does no damage.
Sigmund points at you and mumbles some strange words.
The magic dart hits you but does no damage.
The goblin shoots a sling bullet.
The sling bullet barely misses Sigmund.
The sling bullet closely misses you.
You closely miss Sigmund.
Sigmund is almost dead.
Sigmund closely misses you.
The goblin shoots a sling bullet.
The sling bullet closely misses Sigmund.
The sling bullet hits you but does no damage.
You closely miss Sigmund.
Sigmund is almost dead.
The goblin shoots a sling bullet.
The sling bullet closely misses Sigmund.
The sling bullet hits you.
* * * LOW HITPOINT WARNING * * *
Sigmund zaps a wand.
The puff of flame hits you.
* * * LOW HITPOINT WARNING * * *
You hit Sigmund.
Your weapon exudes an aura of protection.
You kill Sigmund!
The goblin shoots a sling bullet.
The sling bullet barely misses you.
Your Spellcasting skill increases to level 4!
You have reached level 5!
The goblin shoots a sling bullet.
The sling bullet closely misses you.
The goblin shoots a sling bullet.
The sling bullet barely misses you.
The kobold throws a stone.
The stone closely misses you.
The goblin shoots a sling bullet.
The sling bullet hits you.
You die...

.### ..# ..#
..#...(.....
#.#.........
#.#.........
#.#.........
#@#.........
####.#.......
####....##...#
#......K##)#
#......###.#
#.....g')K.#
#......#####
#..........#
#..........#


You could see a goblin and a kobold.

Vanquished Creatures
  Sigmund (D:2)
  Terence (D:2)
  An adder (D:2)
  A worm (D:2)
  A dart slug (D:1)
  A ball python (D:1)
  7 bats (D:1)
  4 endoplasms (D:1)
  3 giant cockroaches (D:1)
  3 goblins
  7 hobgoblins
  3 kobolds (D:1)
  3 quokkas (D:1)
  3 rats (D:1)
39 creatures vanquished.

Vanquished Creatures (others)
  2 demonic plants (D:1)
2 creatures vanquished.

Grand Total: 41 creatures vanquished

Notes
Turn   | Place    | Note
-------+----------+-------------------------------------------
     0 | D:1      | CoolSool the Formicid Arcane Marksman began the quest for
                  | the Orb.
     0 | D:1      | Reached XP level 1. HP: 15/15 MP: 2/2
    96 | D:1      | Reached XP level 2. HP: 9/21 MP: 1/3
   522 | D:1      | Reached XP level 3. HP: 26/26 MP: 5/5
  1083 | D:1      | Learned a level 3 spell: Portal Projectile
  1136 | D:1      | Learned a level 2 spell: Passwall
  1277 | D:2      | Noticed Terence
  1302 | D:2      | Reached XP level 4. HP: 29/32 MP: 5/8
  1307 | D:2      | Killed Terence
  1318 | D:2      | Identified the +5 plate armour of Forking Paths {Dex+3}
  1497 | D:2      | Noticed Sigmund
  1532 | D:2      | HP: 1/32 [Sigmund/puff of flame (2)]
  1533 | D:2      | Killed Sigmund
  1534 | D:2      | Reached XP level 5. HP: 1/37 MP: 9/11
  1541 | D:2      | Shot with a sling bullet by a goblin

Illustrated notes

Levels and vault maps discovered:
D:1:      amcnicky_arrival_gap_in_the_tavern_cellar, layout_rooms,
          serial_park_tiny_2, dreamdust_princess_corridor
D:2:      layout_basic, uniq_sigmund, uniq_robin, uniq_terence

Skill      XL: |  1  2  3  4 |
---------------+-------------+-----
Hexes          | 4 |  4.0
Spellcasting   | 2 4 |  4.6
Fighting       | |  1.1
Ranged Weapons | |  2.6
Dodging        | |  1.7

Action                   |  1- 3 |  4- 6 || total
-------------------------+-------+-------++-------
Melee: Unarmed           |    36 |       ||    36
       Dagger            |    30 |     6 ||    36
       Falchion          |       |    24 ||    24
 Fire: Sling             |    92 |     7 ||    99
 Cast: Slow              |    16 |     1 ||    17
  Use: Scroll            |     3 |       ||     3
       Potion            |     1 |       ||     1
Armor: Robe              |    56 |    11 ||    67
Dodge: Dodged            |    69 |    24 ||    93
